 Dungeon Crawl Stone Soup version 0.29.1-2-gbd0b4ee654 (webtiles) character file.

Game seed: 15990670003868751361

485 zermelo the Cleaver (level 6, 0/51 HPs)
             Began as a Minotaur Berserker on Nov 10, 2022.
             Was a Priest of Trog.
             Succumbed to a killer bee's poison
             ... on level 5 of the Dungeon.
             The game lasted 00:41:36 (3758 turns).

zermelo the Cleaver (Minotaur Berserker)            Turns: 3758, Time: 00:41:36

Health: 0/51       AC:  7    Str: 29    XL:     6   Next: 88%
Magic:  5/5        EV:  8    Int:  4    God:    Trog [***...]
Gold:   190        SH:  6    Dex: 10    Spells: 5/5 levels left

rFire   + . .      SeeInvis .   a - +0 hand axe
rCold   + . .      Faith    .   R - +0 kite shield
rNeg    . . .      Spirit   .   L - +0 scale mail
rPois   +          Reflect  .   (helmet restricted)
rElec   +          Harm     .   (no cloak)
rCorr   +          Rampage  .   (no gloves)
Will    .....                   l - +0 pair of boots
Stlth   ..........              P - amulet of regeneration
HPRegen 0.97/turn               Q - +6 ring of strength
MPRegen 0.09/turn               (no ring)

@: lethally poisoned (0 -> -1), resistant
A: horns 2, retaliatory headbutt
a: Renounce Religion, Berserk, Trog's Hand


You were on level 5 of the Dungeon.
You worshipped Trog.
Trog was most pleased with you.
You visited 1 branch of the dungeon, and saw 5 of its levels.

You collected 190 gold pieces.

Inventory:

Hand Weapons
 a - a +0 hand axe (weapon)
 c - a +2 whip of flaming
 k - a +0 spear
 n - a +0 short sword
 o - a +0 dagger
 B - a +0 flail
 K - a +0 dire flail of protection
 M - a +0 whip of flaming
 N - a +0 short sword of draining
 S - a +0 short sword
Missiles
 j - 5 silver javelins (quivered)
 s - 6 poisoned darts
 u - 12 stones
 I - 4 boomerangs
Armour
 b - a +0 animal skin
 g - a +0 leather armour
 l - a +0 pair of boots (worn)
 v - a +0 robe
 y - a +0 ring mail
 L - a +0 scale mail (worn)
 R - a +0 kite shield (worn)
Jewellery
 f - an amulet of the acrobat
 p - a ring of fire
 G - a ring of ice
 O - a ring of ice
 P - an amulet of regeneration (around neck)
 Q - a +6 ring of strength (left hand)
Scrolls
 e - 3 scrolls of identify {unknown}
 i - a scroll of poison {unknown}
 r - 4 scrolls of magic mapping {unknown}
 t - 3 scrolls of teleportation {unknown}
 w - 2 scrolls of amnesia {unknown}
 A - a scroll of immolation {unknown}
 F - a scroll of torment {unknown}
 J - a scroll of blinking {unknown}
Potions
 d - a potion of brilliance {unknown}
 h - 4 potions of mutation {unknown}
 m - a potion of heal wounds {unknown}
 q - a potion of might {unknown}
 z - 2 potions of berserk rage {unknown}
 C - a potion of haste {unknown}
 D - 4 potions of curing {unknown}
 E - a potion of invisibility {unknown}
 H - a potion of ambrosia {unknown}


   Skills:
 - Level 3.6 Fighting
 * Level 9.4 Axes
 - Level 2.4 Armour
 - Level 2.1 Dodging


You had 5 spell levels left.
You didn't know any spells.
Your spell library was empty.

Dungeon Overview and Level Annotations

Branches:
Dungeon (5/15)
 Temple: D:4-7

Altars:

Shops:
D:5 *


Innate Abilities, Weirdness & Mutations

You have a pair of horns on your head.
You reflexively headbutt those who attack you in melee.


Message History

You feel sick. The killer bee stings you! The killer bee barely misses you.
You block the killer bee's attack.
You slash the killer bee!
You kill the killer bee!
Trog accepts your kill.
You feel sick.
You are no longer poisoned.
The killer bee misses you. You furiously retaliate!
You headbutt the killer bee!
Your Axes skill increases to level 9!
You hit the killer bee.
The killer bee is severely wounded.
The killer bee stings you!
A killer bee comes into view.
The killer bee closely misses you.
You barely miss the killer bee.
The killer bee is severely wounded.
The killer bee buzzes angrily.
You hear an angry buzzing noise.
The killer bee closely misses you. You furiously retaliate!
You headbutt the killer bee!
You kill the killer bee!
Trog accepts your kill. You block the killer bee's attack.
You barely miss the killer bee. Your headbutt misses the killer bee.
The killer bee stings you!
You are poisoned.
The killer bee poisons you! The killer bee closely misses you.
You feel protected.
You feel very sick.
The killer bee stings you but does no damage.
The killer bee stings you.
* * * LOW HITPOINT WARNING * * *
You barely miss the killer bee. Your headbutt misses the killer bee.
You feel sick. You block the killer bee's attack. The killer bee stings you.
* * * LOW HITPOINT WARNING * * *
The killer bee attacks as you move away!
You block the killer bee's attack.
You feel sick. The killer bee stings you!
* * * LOW HITPOINT WARNING * * *
You miss the killer bee.
You die...

#.####.############
#.# #............#
#.# ############.#
#># #.# #.# #.# #.#
#.# #.# #.# #.#
###.# #.# #.@.# #.#
#y### #.# #y# #.#
#.####### #.#
#y......# #.#
#.##....# ..# #.#
...# .## #.. ... .#
#.. .#


You could see 3 killer bees.

Vanquished Creatures
  Edmund (D:4)
  A scorpion (D:5)
  2 killer bees (D:5)
  A hound (D:5)
  2 iguanas
  6 adders
  A white imp (D:5)
  An ufetubus (D:4)
  2 dart slugs
  5 orcs
  5 endoplasms
  A giant cockroach (D:3)
  5 hobgoblins
  2 jackals (D:3)
  5 kobolds
  3 quokkas
  8 ball pythons
  2 bats (D:3)
  2 frilled lizards
  5 goblins
  8 rats
68 creatures vanquished.

Notes
Turn   | Place    | Note
-------+----------+-------------------------------------------
     0 | D:1      | zermelo the Minotaur Berserker began the quest for the Orb.
     0 | D:1      | Reached XP level 1. HP: 19/19 MP: 0/0
   200 | D:1      | Found a faded altar of an unknown god.
   204 | D:1      | Reached skill level 4 in Axes
   496 | D:1      | Reached XP level 2. HP: 25/26 MP: 1/1
  1160 | D:2      | Reached skill level 5 in Axes
  1281 | D:2      | Reached XP level 3. HP: 31/31 MP: 2/2
  1319 | D:2      | Reached ** piety under Trog
  2313 | D:3      | Reached skill level 6 in Axes
  2313 | D:3      | Reached XP level 4. HP: 39/39 MP: 3/3
  2898 | D:4      | Reached XP level 5. HP: 44/45 MP: 4/4
  3034 | D:4      | Noticed Edmund
  3041 | D:4      | Killed Edmund
  3042 | D:4      | Reached skill level 8 in Axes
  3090 | D:4      | Reached XP level 6. HP: 50/50 MP: 5/5
  3206 | D:4      | Reached *** piety under Trog
  3408 | D:5      | Entered Level 5 of the Dungeon
  3519 | D:5      | Found Masypyi's Elemental Accessories.
  3752 | D:5      | Reached skill level 9 in Axes
  3757 | D:5      | HP: 1/51 [killer bee (7)]
  3758 | D:5      | Succumbed to a killer bee's poison

Illustrated notes

Levels and vault maps discovered:
D:1:      minmay_arrival_diagonal_passages, layout_basic,
          shapermc_ecumenical_altar_pompeii, patterned_corridor
D:2:      layout_rooms
D:3:      layout_loops_ring, st_stairs_8, kennysheep_another_room,
          nicolae_hexahallways, minivault_27
D:4:      layout_loops_corners, nicolae_concentric_dashed_squares_wild,
          uniq_edmund
D:5:      layout_loops_ring, palyth_stone_intersect,
          hangedman_abyss_or_decor_lesser_grid, minmay_misc_feat_ornament,
          minmay_misc_feat_rugged, nicolae_elemental_shop

Skill      XL: |  1  2  3  4  5  6 |
---------------+-------------------+-----
Axes           | 4 5 6 8 9 |  9.4
Fighting       | |  3.6
Armour         | |  2.4
Dodging        | |  2.1

Action                   |  1- 3 |  4- 6 || total
-------------------------+-------+-------++-------
Melee: Hand axe          |    82 |    75 ||   157
       Headbutt          |    10 |     7 ||    17
       Punch             |     1 |       ||     1
Throw: Stone             |     5 |       ||     5
       Javelin           |       |     6 ||     6
Invok: Berserk           |       |     1 ||     1
  Use: Potion            |       |     1 ||     1
Armor: Animal skin       |     9 |       ||     9
       Ring mail         |       |    11 ||    11
       Scale mail        |       |     2 ||     2
Dodge: Dodged            |    40 |    42 ||    82
Block: Kite shield       |       |     8 ||     8
